 Dungeon Crawl Stone Soup version 0.28-a0-895-g6e5f11bd55 (webtiles) character file.

Game seed: 12067055312014169236

21218 vurker the Thaumaturge (level 12, 92/106 HPs)
             Began as a Demigod Air Elementalist on Nov 23, 2021.
             Quit the game on level 14 of the Dungeon.
             The game lasted 00:21:05 (17721 turns).

vurker the Thaumaturge (Demigod Air Elementalist)  Turns: 17721, Time: 00:21:06

Health: 92/106     AC:  7    Str:  9    XL:     12   Next: 22%
Magic:  34/34      EV: 15    Int: 33    God:
Gold:   432        SH:  0    Dex: 14    Spells: 30/37 levels left

rFire   + . .      SeeInvis .   z - staff of air
rCold   + + .      Faith    .   (no shield)
rNeg    . . .      Spirit   .   v - +0 acid dragon scales
rPois   .          Reflect  .   m - +0 helmet
rElec   +          Harm     .   n - scarf {rC+ rF+}
rCorr   +          Rampage  .   (no gloves)
Will    +....                   (no boots)
Stlth   ++........              o - amulet of magic regeneration
HPRegen 0.27/turn               j - +4 ring of evasion
MPRegen 0.49/turn               p - ring of protection from cold

@: no status effects
A: high mp 1, forlorn
a: no special abilities


You were on level 14 of the Dungeon.
You visited 1 branch of the dungeon, and saw 13 of its levels.

You collected 530 gold pieces.
You spent 98 gold pieces at shops.

Inventory:

Hand Weapons
 i - a +1 short sword
   (You took it off a kobold on level 2 of the Dungeon)
Missiles
 k - a throwing net
Armour
 m - a +0 helmet (worn)
   (You took it off Robin on level 2 of the Dungeon)
 n - a scarf of resistance (worn)
   (You found it on level 5 of the Dungeon)
 v - +0 acid dragon scales (worn)
   (You took it off Maggie on level 8 of the Dungeon)
Magical Staves
 e - a staff of fire
   (You found it on level 4 of the Dungeon)
 z - a staff of air (weapon)
   (You acquired it on level 10 of the Dungeon)
 B - a staff of cold
   (You found it on level 10 of the Dungeon)
Jewellery
 f - a ring of ice
   (You found it on level 5 of the Dungeon)
 j - a +4 ring of evasion (left hand)
   (You found it on level 2 of the Dungeon)
 o - an amulet of magic regeneration (around neck)
   (You found it on level 5 of the Dungeon)
 p - a ring of protection from cold (right hand)
   (You found it on level 6 of the Dungeon)
 r - a +4 ring of evasion
   (You found it on level 12 of the Dungeon)
Wands
 b - a wand of polymorph (11)
   (You found it on level 6 of the Dungeon)
 d - a wand of iceblast (3)
   (You took it off Maggie on level 8 of the Dungeon)
 h - a wand of charming (10)
   (You found it on level 6 of the Dungeon)
 q - a wand of mindburst (8)
   (You found it on level 6 of the Dungeon)
 t - a wand of flame (13)
   (You found it on level 9 of the Dungeon)
Scrolls
 u - 2 scrolls of fear
 x - 2 scrolls of fog
 y - 2 scrolls of enchant armour
 C - a scroll of identify
Potions
 a - 2 potions of haste
 c - a potion of cancellation
 g - 4 potions of lignification
 l - 5 potions of curing
 s - 2 potions of brilliance
 w - a potion of invisibility


   Skills:
 + Level 10.0 Fighting
 - Level 1.7 Dodging
 - Level 1.7 Stealth
 * Level 13.1 Spellcasting
 - Level 3.0 Conjurations
 - Level 3.0 Necromancy
 - Level 8.0 Air Magic


You had 30 spell levels left.
You knew the following spells:

 Your Spells              Type           Power      Damage    Failure   Level
a - Shock                 Conj/Air       100%       1d9       1%          1
c - Airstrike             Air            42%        N/A       1%          4
q - Sublimation of Blood  Necr           41%        N/A       1%          2

Your spell library contained the following spells:

 Spells                   Type           Power      Damage    Failure   Level
 Corpse Rot               Necr/Air       100%       N/A       1%          2
 Static Discharge         Conj/Air       72%        N/A       1%          2
 Swiftness                Air            84%        N/A       1%          3
 Beastly Appendage        Tmut           42%        N/A       3%          1
 Ensorcelled Hibernation  Hex/Ice        42%        N/A       5%          2
 Wereblood                Tmut           21%        N/A       5%          2
 Dispel Undead            Necr           41%        3d16      10%         4
 Spider Form              Tmut/Pois      21%        N/A       11%         3
 Tukima's Dance           Hex            21%        N/A       11%         3
 Animate Armour           Summ/Erth      42%        N/A       34%         4
 Blade Hands              Tmut           10%        N/A       67%         5
 Death Channel            Necr           20%        N/A       83%         6
 Iron Shot                Conj/Erth      15%        9d4       96%         6
 Summon Hydra             Summ           10%        N/A       100%        7


Dungeon Overview and Level Annotations

Branches:
Dungeon (12/15)            Temple (0/1) D:6            Lair (0/6) D:11
    Orc (0/2) D:10

Shops:
D:6 (   D:9 ?

Annotations:
D:6 8 runed translucent doors, Anon1729's ghost, novice DsIE; bmj180's ghost, novice MfVM; night's ghost, novice DjCA; sastreii's ghost, novice GrMo; t4s4d4r's ghost, novice DgTm


Innate Abilities, Weirdness & Mutations

Your attributes grow dramatically as you level up.
You have an increased reservoir of magic. (+10% MP)
You shall have no god before yourself.


Message History

The red ugly thing gurgles horribly!
There is an open door here.
Aim: a red ugly thing (empty space bonus: 5/8)
You feel a surge of power!
The air twists around and strikes the red ugly thing!
You hear a horrible gurgling sound! x2
Aim: a red ugly thing (lightly wounded, empty space bonus: 8/8)
You feel a surge of power!
The air twists around and strikes the red ugly thing!
You hear a horrible gurgling sound!
A red ugly thing comes into view. x2
Aim: a red ugly thing (moderately wounded, empty space bonus: 8/8)
You feel a surge of power!
The air twists around and strikes the red ugly thing!!
You hear a horrible gurgling sound! x2
The red ugly thing basks in the mutagenic energy from its kin and changes!
A red ugly thing comes into view. x2
Aim: a red ugly thing (severely wounded, empty space bonus: 8/8)
You feel a surge of power!
The air twists around and strikes the red ugly thing!
There is an open door here.
There's a creature in the doorway!
Aim: a red ugly thing (almost dead, empty space bonus: 5/8)
You feel a surge of power!
The air twists around and strikes the red ugly thing!!
You kill the red ugly thing!
The red ugly thing basks in the mutagenic energy from its kin and changes!
The red ugly thing basks in the mutagenic energy from its kin and changes!
The green ugly thing basks in the mutagenic energy from its kin and changes!
You open the door.
The brown ugly thing engulfs you but does no damage.
There is an open door here.
The brown ugly thing basks in the mutagenic energy from its kin and changes!
Found 16 gold pieces.
Found 16 arrows.
The purple ugly thing basks in the mutagenic energy from its kin and changes!
You see here 16 gold pieces.
The brown ugly thing misses you.
You open the door. The brown ugly thing barely misses you.
The red ugly thing basks in the mutagenic energy from its kin and changes!
There is an open door here.
The brown ugly thing engulfs you but does no damage.
A death knight, a wraith and 2 skeletal warriors come into view.
The death knight shouts!
The red ugly thing basks in the mutagenic energy from its kin and changes!
As you read the scroll labelled NAVEFF EVOINGY, it crumbles to dust.
The creatures around you are filled with an inner flame!
It was a scroll of immolation.
The brown ugly thing engulfs you!
You are splashed with acid.
You resist.
Okay, then.

.........# ....
.........#.....
########..#.....
#......#u.......
#......#...#####
#......#..##
#......'...#
#####u.u...#..##
#...@####+##..#
#....# #..#
#...z+ ####
#...z# #.W.p#
#....# #....#
######


You could see a death knight (inner flame), 2 ugly things, 2 skeletal warriors
and a wraith (inner flame).

Vanquished Creatures
  A great orb of eyes (D:11)
  3 hydras
  5 two-headed ogres
  Erica (D:8)
  An ugly thing (D:14)
  A cyclops (D:12)
  2 unseen horrors
  A gargoyle (D:10)
  A kobold demonologist (D:12)
  A komodo dragon (D:11)
  A hornet (D:11)
  A dream sheep (D:11)
  A vampire (D:11)
  2 wraiths (D:10)
  A wyvern (D:9)
  21 yaks
  21 vampire mosquitoes
  2 steam dragons
  A water moccasin (D:7)
  An acid dragon (D:12)
  A swamp drake (D:12)
  2 sky beasts
  6 orc warriors
  An ice beast (D:7)
  3 ogres
  6 centaurs
  2 kobold brigands
  3 bullfrogs
  6 scorpions
  3 gnoll sergeants
  2 water moccasin skeletons
  23 killer bees
  8 wights
  3 howler monkeys (D:10)
  2 electric eels (D:12)
  3 hounds
  A bullfrog zombie (D:7)
  4 centaur zombies
  3 orc priests
  2 centaur skeletons (D:5)
  2 jellies
  An iguana (D:5)
  9 orc wizards
  2 killer bee zombies
  A howler monkey zombie (D:5)
  Robin (D:2)
  12 gnolls
  8 adders
  2 white imps
  An adder skeleton (D:4)
  2 dart slugs
  23 orcs
  4 ball pythons
  12 endoplasms
  3 giant cockroaches (D:1)
  8 goblins
  7 hobgoblins
  3 jackals
  22 kobolds
  2 quokkas
  4 bats
  5 frilled lizards
  A jackal skeleton (D:4)
  9 rats
297 creatures vanquished.

Vanquished Creatures (collateral kills)
  Maggie (D:8)
1 creature vanquished.

Vanquished Creatures (others)
  A wizard (D:9)
  2 fungi (D:12)
  17 plants
20 creatures vanquished.

Grand Total: 318 creatures vanquished

Notes
Turn   | Place    | Note
-------+----------+-------------------------------------------
     0 | D:1      | vurker the Demigod Air Elementalist began the quest for the
                  | Orb.
     0 | D:1      | Reached XP level 1. HP: 14/14 MP: 5/5
    63 | D:1      | Reached skill level 1 in Conjurations
   166 | D:1      | Reached skill level 2 in Spellcasting
   374 | D:1      | Reached XP level 2. HP: 21/22 MP: 4/7
  1540 | D:1      | Reached XP level 3. HP: 14/27 MP: 2/9
  1811 | D:2      | Reached skill level 1 in Fighting
  2338 | D:2      | Noticed Robin
  2349 | D:2      | Killed Robin
  2350 | D:2      | Reached XP level 4. HP: 32/35 MP: 0/10
  2735 | D:3      | Reached skill level 3 in Spellcasting
  3202 | D:3      | Reached XP level 5. HP: 34/40 MP: 9/12
  3614 | D:4      | Learned a level 4 spell: Airstrike
  4469 | D:5      | Entered Level 5 of the Dungeon
  4469 | D:5      | Noticed a steam dragon
  4541 | D:5      | Noticed a centaur
  4544 | D:5      | Killed a centaur
  4545 | D:5      | Reached XP level 6. HP: 31/48 MP: 1/14
  4839 | D:5      | Identified the +1 ring mail of Creativity {rN+ Str+3}
  4877 | D:5      | Reached skill level 4 in Spellcasting
  5117 | D:5      | Reached XP level 7. HP: 12/56 MP: 6/16
  5129 | D:5      | Reached skill level 5 in Air Magic
  5831 | D:5      | Reached skill level 5 in Spellcasting
  6104 | D:5      | Killed a steam dragon
  6146 | D:5      | Reached XP level 8. HP: 63/63 MP: 7/19
  6228 | D:6      | Found a runed translucent door.
  6232 | D:6      | Found a runed translucent gate.
  6233 | D:6      | Found a runed translucent gate.
  6242 | D:6      | Found a runed translucent gate.
  6251 | D:6      | Found a runed translucent door.
  6260 | D:6      | Found the +9 staff of Olgreb {rPois∞}
  6280 | D:6      | Learned a level 2 spell: Sublimation of Blood
  6414 | D:6      | Found a staircase to the Ecumenical Temple.
  6436 | D:6      | Found Ama Zuz's Antique Weapon Emporium.
  6663 | D:6      | Reached skill level 1 in Necromancy
  6817 | D:6      | Found a runed translucent gate.
  6817 | D:6      | Found a runed translucent gate.
  6817 | D:6      | Found a runed translucent gate.
  6819 | D:6      | Noticed bmj180's ghost (novice MfVM)
  6819 | D:6      | Noticed sastreii's ghost (novice GrMo)
  6820 | D:6      | Noticed Anon1729's ghost (novice DsIE)
  6820 | D:6      | Noticed night's ghost (novice DjCA)
  6820 | D:6      | Noticed t4s4d4r's ghost (novice DgTm)
  7236 | D:7      | Reached skill level 6 in Spellcasting
  8103 | D:7      | Reached XP level 9. HP: 72/72 MP: 14/22
  8434 | D:8      | Reached skill level 7 in Spellcasting
  8521 | D:8      | Noticed Maggie
  8534 | D:8      | Killed Maggie
  8535 | D:8      | Reached skill level 5 in Fighting
  8811 | D:8      | Noticed a seven-headed hydra
  8817 | D:8      | Killed a seven-headed hydra
  8818 | D:8      | Reached skill level 8 in Spellcasting
  9135 | D:8      | Reached XP level 10. HP: 83/83 MP: 17/26
 10103 | D:8      | Noticed Erica
 10109 | D:8      | Killed Erica
 10110 | D:8      | Reached skill level 9 in Spellcasting
 10341 | D:9      | You fall into a shaft and drop 1 floor!
 10341 | D:10     | Entered Level 10 of the Dungeon
 10615 | D:10     | Noticed a two-headed ogre
 10859 | D:9      | Found Asisch's Magic Scroll Shoppe.
 10865 | D:9      | Bought a scroll of fear for 38 gold pieces
 10865 | D:9      | Bought a scroll of fear for 38 gold pieces
 10865 | D:9      | Bought a scroll of fog for 22 gold pieces
 11524 | D:9      | Reached skill level 10 in Spellcasting
 12035 | D:9      | Noticed a wizard
 12041 | D:9      | Killed a wizard
 12675 | D:10     | Found a staircase to the Orcish Mines.
 12938 | D:10     | Noticed a two-headed ogre
 12941 | D:10     | Noticed a two-headed ogre
 12942 | D:10     | Killed a two-headed ogre
 12943 | D:10     | Reached XP level 11. HP: 94/94 MP: 14/30
 13200 | D:10     | Killed a two-headed ogre
 13261 | D:10     | Reached skill level 11 in Spellcasting
 13343 | D:10     | Noticed a two-headed ogre
 13349 | D:10     | Killed a two-headed ogre
 13670 | D:10     | Identified a scroll of acquirement
 13670 | D:10     | Acquired a staff of air
 13860 | D:10     | Killed a two-headed ogre
 14266 | D:11     | Noticed a boulder beetle
 14267 | D:11     | a boulder beetle changed into a dream sheep
 14354 | D:11     | Found a staircase to the Lair.
 14712 | D:11     | Noticed a two-headed ogre
 14787 | D:11     | Killed a two-headed ogre
 14818 | D:11     | Reached skill level 12 in Spellcasting
 15009 | D:11     | Noticed a boulder beetle
 15013 | D:11     | Noticed a great orb of eyes
 15013 | D:11     | a boulder beetle changed into a great orb of eyes
 15020 | D:11     | Killed a great orb of eyes
 15781 | D:11     | Found a staircase to the Lair.
 16795 | D:12     | Noticed a six-headed hydra
 16834 | D:12     | Killed a six-headed hydra
 16835 | D:12     | Reached XP level 12. HP: 91/105 MP: 16/33
 17405 | D:12     | Noticed a seven-headed hydra
 17409 | D:12     | Killed a seven-headed hydra
 17410 | D:12     | Reached skill level 13 in Spellcasting
 17529 | D:12     | Reached skill level 10 in Fighting
 17581 | D:12     | You fall into a shaft and drop 2 floors!
 17718 | D:14     | Noticed a death knight
 17721 | D:14     | Quit the game

Illustrated notes

Levels and vault maps discovered:
D:1:      minmay_arrival_four_loops, layout_basic,
          shapermc_ecumenical_altar_pompeii, minmay_hexomino_u4
D:2:      layout_loops_cross, uniq_robin
D:3:      layout_basic, tso_oasis_becter
D:4:      layout_loops_ring, mainiacjoe_overflow_large_starburst
D:5:      layout_rooms, nicolae_dithmenos_through_a_glass_darkly,
          marbit_many_paths, mainiacjoe_overflow_divided_tiny, st_stairs_11
D:6:      layout_cave_pods, okawaru_metal_pillars_1_2,
          minmay_temple_entry_wispy, gammafunk_ghost_cemetery, serial_shops,
          nicolae_shop_crystal, minmay_guarded_unrand_staff_of_olgreb
D:7:      layout_basic, mainiacjoe_overflow_boulevard
D:8:      layout_cave_pods, uniq_maggie, uniq_erica
D:9:      layout_irregular_city, nzn_wu_jian_contemplation, trog_wizard,
          serial_shops, kennysheep_little_box, wad_woods_river_04,
          chequers_serial_rivers_micro_c
D:10:     minmay_four_partial_circles, layout_long_grid, kennysheep_mini,
          kennysheep_generic_room_6
D:11:     layout_gridville, david_lair_shrubbed, serial_glass, glass_columns_b,
          glass_columns_b, feat_on_display, due_unseen_surprise,
          feat_on_display, feat_on_display
D:12:     layout_basic, gauntlet_entry_generic, pond
D:14:     layout_gridville, uniq_roxanne

Skill      XL: |  1  2  3  4  5  6  7  8  9 10 11 12 |
---------------+-------------------------------------+-----
Conjurations   | 1 2 3 |  3.0
Spellcasting   | 2 3 4 5 6 8 10 12 13 | 13.1
Air Magic      | 3 4 5 7 8 |  8.0
Fighting       | 1 2 3 4 5 7 9 10 | 10.0
Necromancy     | 2 3 |  3.0
Dodging        | |  1.7
Stealth        | |  1.7

Action                   |  1- 3 |  4- 6 |  7- 9 | 10-12 || total
-------------------------+-------+-------+-------+-------++-------
Melee: Dagger            |    14 |       |       |       ||    14
       Short sword       |       |    27 |       |       ||    27
       Staff             |       |       |       |    68 ||    68
 Cast: Shock             |    94 |   113 |    40 |    97 ||   344
       Airstrike         |       |     4 |   116 |   298 ||   418
Evoke: Wand              |       |       |     3 |     7 ||    10
  Use: Scroll            |       |    11 |     2 |    11 ||    24
       Potion            |       |       |     1 |     5 ||     6
 Stab: Sleeping          |     1 |     1 |       |       ||     2
Armor: Robe              |     8 |     9 |    11 |       ||    28
       Skin              |       |       |       |    30 ||    30
       Acid dragon scale |       |       |       |    56 ||    56
Dodge: Dodged            |    26 |    27 |    47 |   175 ||   275

Table legend: (Time is in decaauts)
 A = Elapsed time spent in this place.
 B = Non-inter-level travel time spent in this place.
 C = Inter-level travel time spent in this place.
 D = Time resting spent in this place.
 E = Time spent auto-exploring this place.
 F = Levels seen in this place.
 G = Mean time per level.
                   A        B        C        D        E       F      G
               +--------+--------+--------+--------+--------+-----+--------+
         Total |  17767 |  17198 |    569 |   1286 |  13620 |  13 | 1366.7 |
       Dungeon |  17767 |  17198 |    569 |   1286 |  13620 |  13 | 1366.7 |
               +--------+--------+--------+--------+--------+-----+--------+

Top non-repeatable levels by time:
     D:9: 2275 daAuts
    D:11: 2068 daAuts
     D:1: 1718 daAuts
     D:7: 1696 daAuts
    D:10: 1621 daAuts
     D:8: 1505 daAuts
     D:4: 1457 daAuts
    D:12: 1355 daAuts
     D:5: 1142 daAuts
     D:2: 999 daAuts
     D:3: 901 daAuts
     D:6: 885 daAuts
    D:14: 139 daAuts
